 Dungeon Crawl Stone Soup version 0.24-a0-408-gcc1054c7ca (webtiles) character file.

Game seed: 4655509252583408109

0 Leeky the Grave Robber (level 1, -3/14 HPs)
             Began as a Ghoul Necromancer on June 5, 2019.
             Killed from afar by a dart slug (7 damage)
             ... with a slug dart
             ... on level 2 of the Dungeon.
             The game lasted 00:03:16 (172 turns).

Leeky the Grave Robber (Ghoul Necromancer)           Turns: 172, Time: 00:03:17

Health: -3/14      AC:  2    Str: 11    XL:     1   Next: 10%
Magic:  0/2        EV: 12    Int: 10    God:
Gold:   16         SH:  0    Dex:  9    Spells: 1/3 levels left

rFire    . . .     SeeInvis .   d - +0 club
rCold    + . .     Gourm    .   (no shield)
rNeg     + + +     Faith    .   a - +0 robe
rPois    ∞         Spirit   .   (no helmet)
rElec    .         Reflect  .   (no cloak)
rCorr    .         Harm     .   (no gloves)
MR       .....                  (no boots)
Stlth    ++........             (no amulet)
HPRegen  0.00/turn              (no ring)
MPRegen  0.08/turn              (no ring)

@: rotting
A: rotting body, claws 1, carnivore, cold resistance 1, negative energy
resistance 3, inhibited regeneration, torment resistance, unbreathing
a: no special abilities


You were on level 2 of the Dungeon.
You were not hungry.

You visited 1 branch of the dungeon, and saw 2 of its levels.

You collected 16 gold pieces.

Inventory:

Hand Weapons
 d - a +0 club (weapon)
Armour
 a - a +0 robe (worn)
Potions
 b - a potion of degeneration {unknown}
Comestibles
 c - a ration


   Skills:
 + Level 1.7 Dodging
 + Level 2.1 Stealth
 + Level 1.8 Spellcasting
 + Level 4.0 Necromancy


You had one spell level left.
You knew the following spells:

 Your Spells              Type           Power        Failure   Level  Hunger
a - Pain                  Necr           #...         6%          1    ##.....
b - Animate Skeleton      Necr           N/A          6%          1    ##.....

Your spell library contained the following spells:

 Spells                   Type           Power        Failure   Level  Hunger
 Vampiric Draining        Necr           #.........   19%         3    ####...
 Regeneration             Chrm/Necr      #.........   38%         3    ####...
 Animate Dead             Necr           N/A          52%         4    #####..


Dungeon Overview and Level Annotations

Branches:
Dungeon (2/15)

Altars:


Innate Abilities, Weirdness & Mutations

Your body is rotting away.
You thrive on raw meat.
You are immune to poison.
You have sharp fingernails.
You are carnivorous and can eat meat at any time.
Your flesh is cold resistant. (rC+)
You are immune to negative energy. (rN+++)
You do not regenerate when monsters are visible.
You are immune to unholy pain and torment.
You can survive without breathing.


Message History

Confirm with . or Enter, or press ? or * to list all spells.
Aiming: Pain (safe; 6% risk of failure)
Press: ? - help, Shift-Dir - straight line, f - dart slug
Aim: a dart slug (clinging, chance to defeat MR: 73%)
The dart slug writhes in agony.
The dart slug launches a dart at you. The slug dart misses you.
Casting: Pain (safe; 6% risk of failure)
Confirm with . or Enter, or press ? or * to list all spells.
Aiming: Pain (safe; 6% risk of failure)
Press: ? - help, Shift-Dir - straight line, f/p - dart slug
Aim: a dart slug (heavily wounded, clinging, chance to defeat MR: 73%)
The dart slug writhes in agony.
The dart slug launches a dart at you. The slug dart hits you.
* * * LOW HITPOINT WARNING * * *
The dart slug launches a dart at you. The slug dart hits you!
Ouch! That really hurt!
You die...

#.####'### #........#
#........# #........#
#........#
#####+##.....<..#
....w................
..####..#############
#....@.......
#+###########


You could see a dart slug.

Vanquished Creatures
  A bat (D:1)
1 creature vanquished.

Notes
Turn   | Place    | Note
-------+----------+-------------------------------------------
     0 | D:1      | Leeky the Ghoul Necromancer began the quest for the Orb.
     0 | D:1      | Reached XP level 1. HP: 14/14 MP: 2/2
     2 | D:1      | Learned a level 1 spell: Animate Skeleton
   172 | D:2      | Killed from afar by a dart slug

Levels and vault maps discovered:
D:1:      lemuel_arrival_muddy, layout_basic, minmay_misc_feat_encased
D:2:      layout_basic, lemuel_coloured_pillars_altar, minivault_25,
          moated_statue

Action                   || total
-------------------------++-------
Melee: Club              ||    11
       Unarmed           ||     4
 Cast: Pain              ||     4
  Eat: Ration            ||     1
       Chunk             ||     1
Armor: Robe              ||    10
Dodge: Dodged            ||    30

Table legend:
 A = Non-vault XP
 B = Vault XP
 C = Vault XP percentage of total XP
 D = Non-vault monster count
 E = Vault monster count
 F = Vault count percentage of total count
                 A         B        C        D         E       F
            +---------+---------+-------+---------+---------+-------
      Total |       1 |       0 |   0.0 |       1 |       0 |   0.0
            +---------+---------+-------+---------+---------+-------
        D:1 |       1 |       0 |   0.0 |       1 |       0 |   0.0
            +---------+---------+-------+---------+---------+-------
